Map: 強酸工廠 - 天梯版

Players

Nice - Winner!

  • Race: Protoss Protoss
  • Spawn Location: 5:00

Kelazhur

  • Race: Terran Terran
  • Spawn Location: 11:00

Event: WCS Leipzig 2018

VOD

Have the link to the VOD?

Description

Time

  • Played on: Jan. 26, 2018, 1:41 p.m.
  • Length: 7:13

All games in this series

Show
View Real Time Build Order
Export as new Build Order

Nice Protoss - Winner!

Build Orders:  

Get SALT Encoding   

  12  0:01  Probe  
  13  0:13  Probe  
  14  0:20  Pylon  
  14  0:25  Probe  
  15  0:38  Probe (Chrono Boost)  
  15  0:39  Gateway  
  16  0:49  Probe (Chrono Boost), Assimilator  
  17  0:54  Probe (Chrono Boost)  
  18  1:04  Probe  
  19  1:17  Probe  
  20  1:23  Assimilator  
  20  1:26  Cybernetics Core  
  20  1:29  Zealot, Pylon  
  20  1:31  Probe  
  23  1:47  Probe  
  24  2:02  Nexus  
  24  2:05  Stalker (Chrono Boost)  
  26  2:12  Warp Gate  
  26  2:15  Probe  
  25  2:28  Probe, Stalker  
  28  2:40  Probe  
  28  2:41  Pylon  
  29  2:51  Robotics Facility  
  29  2:52  Probe  
  30  3:02  Stalker  
  30  3:04  Probe (Chrono Boost)  
  32  3:15  Probe (Chrono Boost)  
  32  3:16  Shield Battery  
  32  3:18  Probe (Chrono Boost)  
  34  3:23  Probe (Chrono Boost)  
  36  3:27  Probe (Chrono Boost)  
  36  3:33  Probe (Chrono Boost), Stalker  
  40  3:34  Probe (Chrono Boost)  
  40  3:39  Observer (Chrono Boost)  
  41  3:43  Probe  
  41  3:44  Gateway  
  41  3:45  Probe  
  43  3:53  Observer (Chrono Boost)  
  43  3:55  Probe  
  45  3:57  Probe  
  45  4:02  Twilight Council  
  46  4:07  Probe  
  46  4:09  Probe  
  48  4:12  Immortal (Chrono Boost)  
  50  4:19  Probe  
  45  4:25  Probe (Chrono Boost)  
  43  4:32  Probe (Chrono Boost)  
  43  4:34  Resonating Glaives (Chrono Boost)  
  45  4:43  Probe x2 (Chrono Boost)  
  46  4:46  Warp Prism  
  46  4:49  Observer, Probe (Chrono Boost)  
  49  4:52  Stalker  
  49  4:58  Gateway  
  51  5:02  Gateway  
  51  5:04  Gateway  
  51  5:06  Gateway  
  51  5:11  Gateway  
  50  5:19  Gateway  
  50  5:23  Pylon  
  50  5:24  Adept  
  50  5:28  Observer  
  53  5:32  Pylon  
  53  5:33  Pylon  
  53  5:38  Pylon  
  53  5:44  Pylon  
  49  6:05  Adept  
  49  6:06  Adept x6  
  63  6:27  Adept x4  
  63  6:28  Adept x2  
  58  6:48  Adept x3  
  58  6:49  Adept x2  
  58  6:54  Adept x2  
  64  7:02  Adept  
  66  7:08  Adept x3  
Show
View Real Time Build Order
Export as new Build Order

Kelazhur Terran 

Build Orders: Cyclone Opening 

Get SALT Encoding   

  12  0:00  SCV  
  13  0:12  SCV  
  14  0:18  Supply Depot  
  14  0:24  SCV  
  15  0:39  SCV  
  15  0:42  Barracks  
  16  0:47  Refinery  
  16  0:51  SCV  
  16  0:55  Refinery  
  17  1:03  SCV  
  18  1:15  SCV  
  19  1:22  Supply Depot  
  19  1:30  Orbital Command, Reaper  
  20  1:46  Factory  
  20  1:56  SCV  
  22  2:08  SCV  
  22  2:20  SCV  
  23  2:25  Supply Depot  
  23  2:29  Cyclone  
  26  2:30  Starport  
  26  2:35  SCV  
  27  2:47  SCV  
  28  2:59  SCV  
  28  3:02  Cyclone  
  32  3:09  Medivac  
  35  3:12  SCV  
  35  3:21  Command Center  
  35  3:25  SCV  
  36  3:31  Supply Depot  
  36  3:33  Barracks Tech Lab  
  36  3:35  Liberator  
  36  3:37  Barracks Reactor  
  36  3:40  Factory Tech Lab  
  36  3:42  SCV  
  37  3:54  SCV  
  41  3:59  Supply Depot  
  41  4:07  SCV  
  40  4:19  SCV  
  40  4:22  Marine  
  40  4:23  Siege Tank, Marine  
  45  4:27  Bunker  
  45  4:31  SCV  
  43  4:35  Orbital Command, Engineering Bay  
  40  4:41  Marine  
  40  4:43  SCV, Marine  
  43  4:54  Barracks, Starport Tech Lab  
  43  4:55  SCV  
  43  4:59  Marine  
  45  5:01  Marine  
  45  5:03  SCV  
  47  5:07  SCV  
  47  5:11  Siege Tank  
  51  5:15  SCV  
  51  5:19  Refinery, SCV  
  55  5:27  SCV  
  54  5:28  Barracks  
  54  5:34  Marine  
  55  5:36  SCV  
  55  5:41  Starport Tech Lab  
  56  5:43  SCV  
  56  5:46  Missile Turret  
  57  5:50  SCV  
  57  5:51  Marine  
  57  5:55  SCV  
  57  5:56  Marine x2  
  59  6:03  Refinery, Siege Tank  
  62  6:04  SCV  
  62  6:09  Marine  
  62  6:10  SCV, Starport Reactor  
  65  6:12  Supply Depot  
  63  6:19  Marine x2  
  60  6:27  Marine x2  
  60  6:30  SCV, Supply Depot  
  62  6:37  Marine x2  
  57  6:43  SCV  
  57  6:45  Marine x2  
  28  6:54  Marine  
  28  6:55  Marine  
Tags
 
Add a new tag
Caveats
  • Supply blocks, unpowered buildings, or Contaminate may cause inaccurate times.
  • Supply counts are checked every 10 seconds.